 Dungeon Crawl Stone Soup version 0.16-a0-3330-g2931290 (webtiles) character file.

243720 Conn321 the Eclecticist (level 19, -4/107 (111) HPs)
             Began as an Octopode Fire Elementalist on Dec 27, 2014.
             Was the Champion of Vehumet.
             Slain by an azure jelly (7 damage)
             ... on level 6 of the Pits of Slime on Dec 28, 2014.
             The game lasted 10:30:56 (52862 turns).

Conn321 the Eclecticist (OpFE)                     Turns: 52862, Time: 10:31:00

HP:   -4/107 (111)  AC: 13    Str:  8    XL:     19   Next: 88%
MP:   1/54          EV: 18    Int: 22    God:    Vehumet [******]
Gold: 1729          SH:  8    Dex: 14    Spells: 14 memorised, 5 levels left

rFire  + + +     SeeInvis +     b - +3 Elemental Staff {rElec rF++ rC++ MR++ AC+5}
rCold  + + .     Clarity  .     f - +3 buckler {rN+}
rNeg   + . .     SustAb   .     C - +1 hat
rPois  +         Gourm    .     K - amulet of resist corrosion
rElec  +         Spirit   .     w - ring of Klofuad {+Fly rPois}
rCorr  +         Warding  .     g - ring of fire
rMut   .         Stasis   .     x - +6 ring of protection
MR     +++..                    Q - ring of magical power
Stlth  ++++......               V - ring of Zirubud {MP+9 Dex+1 Slay+5}
                                p - ring of wizardry
                                D - ring of protection from fire
                                u - ring of see invisible

@: silence, resistant, very slightly contaminated, studying Dodging, extremely
resistant to hostile enchantments, stealthy
A: almost no armour, amphibious, 8 rings, constrict 8, camouflage 1, deformed
body, dopey 1, gelatinous body 1, placid magic 2
a: Renounce Religion, Evoke Flight
}: 1/15 runes: barnacled


You were on level 6 of the Pits of Slime.
You worshipped Vehumet.
Vehumet was exalted by your worship.
You were hungry.

You visited 7 branches of the dungeon, and saw 37 of its levels.
You also visited: Sewer, Ossuary, Ice Cave and Volcano.

You collected 4083 gold pieces.
You spent 2354 gold pieces at shops.

Inventory:

Hand weapons
 b - the +3 Elemental Staff (weapon) {rElec rF++ rC++ MR++ AC+5}
   (You found it on level 3 of the Elven Halls)

   It affects your AC (+5).
   It greatly protects you from fire.
   It greatly protects you from cold.
   It insulates you from electricity.
   It affects your resistance to hostile enchantments.
Missiles
 i - 450 stones
 H - 5 tomahawks of returning (quivered)
Armour
 f - a +3 buckler of positive energy (worn)
 C - a +1 hat (worn)
Magical staves
 r - an uncursed staff of fire
 z - an uncursed staff of power
Jewellery
 d - an uncursed amulet of resist mutation
 g - a ring of fire (right tentacle)
 n - an uncursed ring of protection from magic
 p - a ring of wizardry (on tentacle)
 u - a ring of see invisible (on tentacle)
 v - an uncursed ring of protection from cold
 w - the ring of Klofuad (left tentacle) {+Fly rPois}
   (You took it off a deep elf knight on level 3 of the Elven Halls)

   [ring of flight]

   It protects you from poison.
   It lets you fly.
 x - a +6 ring of protection (on tentacle)
 D - a ring of protection from fire (on tentacle)
 I - the amulet of the Harvest {Slay+5 Regen}
   (You found it on level 1 of the Lair of Beasts)

   [amulet of regeneration]

   It affects your accuracy and damage with ranged weapons and melee attacks
   (+5).
   It increases your rate of regeneration.
 K - an amulet of resist corrosion (around mantle)
 Q - a ring of magical power (on tentacle)
 T - the macabre finger necklace {Ward rN+}
   (You found it on level 5 of the Shoals)

   [amulet of warding]

   It may prevent the melee attacks of summoned creatures.
   It protects you from negative energy.
 U - an uncursed ring of ice
 V - the ring of Zirubud (on tentacle) {MP+9 Dex+1 Slay+5}
   (You took it off a deep elf annihilator on level 3 of the Elven Halls)

   [ring of magical power]

   It affects your dexterity (+1).
   It affects your accuracy and damage with ranged weapons and melee attacks
   (+5).
   It affects your magic capacity (+9).
Magical devices
 y - a wand of fireball (7)
 E - a wand of fireball (2)
 F - a wand of digging (3)
 P - a wand of teleportation (2)
 S - a wand of fire (12)
 W - a wand of cold (12)
Scrolls
 h - 6 scrolls of identify
 l - 5 scrolls of teleportation
 t - 15 scrolls of remove curse
 R - a scroll of blinking
Potions
 j - 11 potions of curing
Books
 a - Poamota Baun's Collected Works on Unholy Conjuration
   (You found it on level 8 of the Lair of Beasts)

   Spells                             Type                      Level
   a - Shock                          Conjuration/Air              1
   b - Pain                           Necromancy                   1
   c - Corpse Rot                     Necromancy                   2
   d - Bolt of Magma                  Conjuration/Fire/Earth       5
   e - Venom Bolt                     Conjuration/Poison           5
 k - an Akashic Record {highlevel}

   This book is beyond your current level of understanding.

   Spells                             Type                      Level
   a - Dispersal                      Translocation                6
   b - Controlled Blink               Translocation                7
   c - Malign Gateway                 Summoning/Translocation      7
   d - Disjunction                    Translocation                8
   e - Singularity                    Translocation                9
 m - a book of Clouds

   Spells                             Type                      Level
   a - Mephitic Cloud                 Conjuration/Poison/Air       3
   b - Conjure Flame                  Conjuration/Fire             3
   c - Poisonous Cloud                Conjuration/Poison/Air       6
   d - Freezing Cloud                 Conjuration/Ice/Air          6
   e - Ring of Flames                 Charms/Fire                  7
 A - a manual of Dodging
 M - a book of Enchantments

   Spells                             Type                      Level
   a - Tukima's Dance                 Hexes                        3
   b - Cause Fear                     Hexes                        4
   c - Silence                        Hexes/Air                    5
   d - Deflect Missiles               Charms/Air                   6
   e - Haste                          Charms                       6
   f - Discord                        Hexes                        8
 X - a book of Maledictions

   Spells                             Type                      Level
   a - Corona                         Hexes                        1
   b - Sure Blade                     Hexes/Charms                 2
   c - Ensorcelled Hibernation        Hexes/Ice                    2
   d - Confuse                        Hexes                        3
   e - Dazzling Spray                 Conjuration/Hexes            3
   f - Enslavement                    Hexes                        4
 Y - a book of Annihilations

   Spells                             Type                      Level
   a - Poison Arrow                   Conjuration/Poison           6
   b - Chain Lightning                Conjuration/Air              8
   c - Lehudib's Crystal Spear        Conjuration/Earth            8
   d - Glaciate                       Conjuration/Ice              9
   e - Fire Storm                     Conjuration/Fire             9
Miscellaneous
 J - a sack of spiders {used: 2}
 L - a fan of gales
 N - a stone of tremors
Comestibles
 c - 11 bread rations
 B - 17 fruits


   Skills:
 + Level 4.5 Fighting
   Level 0.6(0.7) Axes
   Level 0.4(0.7) Maces & Flails
 + Level 0.2(0.3) Staves
 + Level 10.9 Dodging
 + Level 7.6 Stealth
 + Level 5.4 Shields
 + Level 18.1 Spellcasting
 + Level 16.1 Conjurations
 + Level 3.4 Hexes
 + Level 9.2 Necromancy
 + Level 3.4 Translocations
 + Level 14.7 Fire Magic
 + Level 5.6 Ice Magic
 + Level 6.0 Air Magic
 + Level 3.8 Poison Magic
 + Level 2.1 Evocations


You had 5 spell levels left.
You knew the following spells:

 Your Spells              Type           Power        Failure   Level  Hunger
a - Throw Icicle          Conj/Ice       ###.....     0%          4    None
b - Silence               Hex/Air        ###.......   1%          5    #......
c - Sticky Flame          Conj/Fire      ######..     0%          4    None
d - Inner Flame           Hex/Fire       #####...     0%          3    None
e - Throw Frost           Conj/Ice       ###...       0%          2    None
f - Fireball              Conj/Fire      ######....   0%          5    #......
g - Animate Dead          Necr           N/A          0%          4    None
h - Mephitic Cloud        Conj/Pois/Air  ####....     0%          3    None
i - Animate Skeleton      Necr           N/A          0%          1    None
j - Force Lance           Conj/Tloc      ####....     0%          4    None
k - Flame Tongue          Conj/Fire      #####        0%          1    None
l - Poisonous Cloud       Conj/Pois/Air  ####......   1%          6    ####...
m - Pain                  Necr           ####         0%          1    None
n - Freezing Cloud        Conj/Ice/Air   ###.......   1%          6    ####...


Dungeon Overview and Level Annotations

Branches:
Dungeon (10/15)            Temple (1/1) D:5            Lair (8/8) D:8
 Shoals (5/5) Lair:6        Snake (0/5) Lair:4        Slime (6/6) Lair:8
    Orc (4/4) D:10            Elf (3/3) Orc:4

Altars:
Ashenzari
Cheibriados
Dithmenos
Elyvilon
Fedhas
Gozag
Kikubaaqudgha
Makhleb
Nemelex Xobeh
Okawaru
Ru
Sif Muna
Trog
Vehumet
Xom
Yredelemnul
Zin
The Shining One
Beogh
Jiyva

Shops:
D:5 [   D:9 *   Orc:1 ?   Orc:3 :   Orc:4 [![%   Elf:1 }   Elf:2 !   Elf:3 (

Portals:
Trove: Elf:3 (give 4 scrolls of blinking)

Annotations:
Slime:6 Royal Jelly
Elf:2 runed door


Innate Abilities, Weirdness & Mutations

You cannot wear most types of armour.
You are amphibious.
You can wear up to eight rings at the same time.
You can use your tentacles to constrict many enemies at once.
Your skin changes colour to match your surroundings (Stealth).
Your rubbery body absorbs attacks (AC +1).
Your body is misshapen.
You are dopey. (Int -2)
Your spells are easier to cast, but less powerful.


Message History

The eye of draining turns its gaze towards you.
The slime creature hits you!
* * * LOW HITPOINT WARNING * * *
Drink which item? (? for menu, Esc to quit)
You feel better. The slime creature closely misses you.
The eye of draining gazes at you.
You feel your power leaking away.
The slime creature quivers.
Magic scrolls do not work when you're silenced!
Drink which item? (? for menu, Esc to quit)
Okay, then.
Found a stone staircase leading up.
The azure jelly hits you.
* * * LOW HITPOINT WARNING * * *
The azure jelly freezes you! You resist.
* * * LOW HITPOINT WARNING * * *
The azure jelly hits you.
* * * LOW HITPOINT WARNING * * *
The azure jelly freezes you! You resist.
You die...

,,,,,,,,,,,,***##.,,,**
,,,,,,,,,,,,...#.....,*
,,,,,,,,,,,<........,**
,,,,,,,,,,.........##*
,,,,,,,,,...........#
,,,,,,,,............##
*,,,,,,..............#
**,,,,..............###
**,,,......J..J.@.....#
**,,..........J.J....##
**#...................#
*##...................#
.......G..............#
,#....................#
*##..................#*
*#...................*
*##.................**


You could see an azure jelly and 3 slime creatures.

Vanquished Creatures
  Mara (Elf:3)
  2 deep elf blademasters (Elf:3)
  2 deep elf master archers (Elf:3)
  10 azure jellies
  Polyphemus (Shoals:2)
  10 acid blobs
  Kirke (Shoals:2)
  Ilsuiw (Shoals:5)
  5 deep elf sorcerers (Elf:3)
  A frost giant (IceCv)
  Gastronok (Lair:2)
  6 deep elf demonologists (Elf:3)
  9 deep elf annihilators
  2 merfolk javelineers (Shoals:5)
  Snorg (Lair:7)
  6 deep elf death magi (Elf:3)
  5 merfolk impalers
  A death ooze (Slime:4)
  A deep elf high priest (Elf:3)
  7 great orbs of eyes
  Fannar (Lair:2)
  An ice dragon (Orc:1)
  4 merfolk avatars
  6 satyrs
  4 hydras
  A ghost crab (shapeshifter) (Elf:3)
  14 dancing weapons (Elf:2)
  5 death yaks
  3 merfolk aquamancers
  Erolcha (D:9)
  A catoblepas (Shoals:2)
  21 deep elf knights
  7 sea snakes
  2 deep trolls (Orc:4)
  An ice statue (IceCv)
  A lindwurm (Lair:6)
  2 orc knights
  7 deep elf summoners
  Pikel (D:6)
  9 griffons
  A cyclops (Shoals:3)
  15 deep elf conjurers
  15 harpies
  A hill giant (D:10)
  7 shining eyes
  8 water nymphs
  A moth of wrath (D:4)
  9 manticores
  An oklob plant (D:9)
  An orc sorcerer (Elf:2)
  17 fauns
  12 spiny frogs
  Maurice (D:8)
  14 elephants
  7 black mambas
  8 sirens
  Psyche (D:8)
  A merfolk zombie (Shoals:5)
  An eye of devastation (Slime:5)
  7 komodo dragons
  A fire drake (Lair:8)
  A harpy zombie (Shoals:2)
  6 trolls
  11 deep elf priests
  A tengu conjurer (D:10)
  19 polar bears
  A wind drake (Shoals:4)
  28 merfolk
  A spriggan druid (Lair:8)
  2 two-headed ogres (Orc:4)
  71 slime creatures
  2 ravens (D:10)
  2 basilisks
  2 flying skulls (Volcano)
  12 blink frogs
  6 snapping turtles
  26 deep elf magi
  9 spriggans (Lair:8)
  19 water elementals
  An air elemental (Shoals:5)
  A tarantella (Elf:1)
  4 redbacks
  21 yaks
  A ynoxinul (Elf:3)
  A human (Shoals:2)
  Grum (D:9)
  A chaos spawn (Elf:3)
  9 hippogriffs
  39 deep elf fighters
  A hog (Shoals:2)
  16 water moccasins
  2 wargs
  Edmund (D:9)
  Menkaure (Ossuary)
  A hungry ghost (D:10)
  5 nagas (Lair:4)
  13 porcupines
  39 wolves
  A spider (Orc:3)
  A spiny frog skeleton (Lair:3)
  Purgy (Sewer)
  6 orc warriors
  2 sky beasts
  3 ice beasts
  7 black bears
  4 eyes of draining
  2 yellow wasps (Lair:8)
  10 ogres
  A phantom (D:8)
  A boring beetle (Lair:5)
  6 centaurs
  A hog zombie (Shoals:2)
  7 crocodiles
  18 giant frogs
  Blork the orc (D:6)
  2 wolf skeletons
  A wyvern skeleton (D:7)
  A wyvern zombie (D:8)
  5 scorpions
  A spriggan zombie (Lair:8)
  6 killer bees (D:10)
  A spriggan skeleton (Lair:8)
  A water moccasin skeleton (Lair:7)
  6 wights
  2 wolf zombies (IceCv)
  A centaur skeleton (D:9)
  5 crimson imps
  A goliath beetle (D:8)
  A centaur zombie (D:7)
  47 jellies
  17 orc priests
  4 iguanas
  A giant frog skeleton (D:6)
  A yellow wasp zombie (D:6)
  25 orc wizards
  9 hounds
  3 worker ants
  5 hell rats
  A killer bee zombie (D:6)
  12 sheep
  Ijyb (D:7)
  A hound zombie (D:9)
  A hound skeleton (D:5)
  4 mummies
  A worker ant zombie (D:8)
  25 adders
  95 river rats
  5 giant mites
  6 worms
  An adder skeleton (Lair:8)
  3 giant geckos
  6 oozes (D:9)
  134 orcs
  3 ball pythons
  7 giant cockroaches
  3 gnoll zombies (Ossuary)
  20 hobgoblins
  6 jackals
  11 quokkas
  15 bats
  A giant gecko skeleton (D:4)
  8 giant newts
  14 goblins
  2 goblin skeletons (Ossuary)
  2 goblin zombies (Ossuary)
  2 hobgoblin zombies (Ossuary)
  18 kobolds
  A kobold skeleton (Ossuary)
  4 kobold zombies (Ossuary)
  2 orc skeletons (Ossuary)
  4 orc zombies
  A quokka zombie (D:9)
  11 rats
  2 rat skeletons (Ossuary)
  3 rat zombies (Ossuary)
  3 crawling corpses (Elf:3)
  3 fungi
  3 plants
1334 creatures vanquished.

Vanquished Creatures (collateral kills)
  Jorgrun (Shoals:2)
  3 merfolk javelineers (Shoals:5)
  An ettin (Orc:4)
  A merfolk impaler (Shoals:5)
  4 hydras
  4 merfolk aquamancers
  2 ogre magi (Orc:4)
  A satyr (Shoals:3)
  The ghost of Armakuni the Slicer, an experienced DsMo of Dithmenos (Lair:1)
  2 sea snakes (Shoals:5)
  A harpy (Shoals:1)
  2 hill giants (Orc:4)
  A deep elf summoner (Elf:3)
  A deep elf conjurer (Elf:1)
  5 griffons
  A slime creature (Lair:8)
  2 water nymphs
  8 fauns (Shoals:3)
  A black mamba (Lair:6)
  A manticore (Shoals:5)
  5 elephants
  3 cyclopes
  A drowned soul (Shoals:5)
  A siren (Shoals:2)
  3 spiny frogs
  A komodo dragon (Lair:3)
  A fire drake (Lair:4)
  7 merfolk
  4 trolls (Orc:4)
  4 two-headed ogres (Orc:4)
  4 polar bears (IceCv)
  7 snapping turtles
  A deep elf priest (Elf:3)
  3 redbacks
  3 water elementals (Shoals:5)
  4 spriggans (Lair:8)
  A tarantella (Elf:2)
  2 deep elf magi
  32 yaks
  A hog (Shoals:2)
  4 hippogriffs
  11 wolves
  2 water moccasins
  3 yellow wasps (Lair:8)
  2 black bears
  An orc warrior (Orc:4)
  3 crocodiles
  A centaur (Shoals:5)
  A boring beetle (Lair:7)
  13 ogres
  A giant frog (Lair:2)
  2 hounds
  4 jellies
  2 orc priests (Orc:4)
  An iguana (Lair:5)
  5 sheep (Lair:2)
  5 adders
  49 river rats
  4 oozes (D:9)
  15 orcs
  2 goblins (Orc:4)
  A hobgoblin (Orc:2)
  2 quokkas (Lair:4)
  2 rats
  4 fungi
  7 plants
278 creatures vanquished.

Vanquished Creatures (others)
  A human zombie (Shoals:2)
  A drowned soul (Shoals:5)
  3 death yak zombies
  3 sea snake zombies (Shoals:5)
  2 redback zombies (Orc:3)
  3 harpy zombies
  2 hydra skeletons
  2 slime creatures (Slime:6)
  A griffon zombie (Shoals:2)
  A wind drake zombie (Shoals:4)
  A deep elf mage (Elf:2)
  2 black mamba skeletons
  11 merfolk zombies
  A raven zombie (D:10)
  2 humans (Shoals:2)
  3 water nymph zombies (Shoals:5)
  A deep troll zombie (Orc:4)
  4 faun zombies
  A faun skeleton (Shoals:4)
  2 merfolk skeletons
  14 elf skeletons
  A spider (Slime:6)
  2 spiny frog skeletons
  A snapping turtle zombie (Shoals:5)
  5 manticore zombies
  4 blink frog skeletons
  A lost soul (Elf:3)
  A komodo dragon zombie (Lair:8)
  A fire drake skeleton (Lair:8)
  A troll skeleton (Lair:7)
  2 water moccasin skeletons
  2 troll zombies (Orc:4)
  5 yak zombies (IceCv)
  5 polar bear zombies
  2 hippogriff skeletons
  2 spriggan zombies (Lair:8)
  6 yak skeletons
  2 spriggan skeletons (Lair:8)
  5 wolf zombies
  A centaur zombie (Shoals:5)
  A yellow wasp zombie (Lair:8)
  13 wolf skeletons
  27 elf zombies
  A jelly (Slime:6)
  2 centaur skeletons (Lair:6)
  A basilisk skeleton (Lair:7)
  2 giant frog skeletons
  2 two-headed ogre zombies (Orc:4)
  An orc wizard (D:9)
  3 black bear skeletons (Lair:8)
  3 porcupine skeletons
  6 ogre zombies
  2 crocodile skeletons
  3 naga skeletons (Lair:4)
  A hound skeleton (Lair:2)
  2 mummies (Ossuary)
  A gnoll zombie (D:9)
  5 adder skeletons
  2 sheep skeletons (Lair:2)
  2 orcs
  2 gnoll skeletons (Ossuary)
  A giant gecko skeleton (D:6)
  3 goblin skeletons (Ossuary)
  3 goblin zombies
  4 hobgoblin skeletons (Ossuary)
  6 hobgoblin zombies
  A kobold (D:6)
  5 kobold skeletons (Ossuary)
  2 kobold zombies (Ossuary)
  6 orc skeletons
  43 orc zombies
  A quokka zombie (D:6)
  3 rat skeletons
  2 rat zombies (Ossuary)
  49 river rat skeletons
  17 fungi
  16 plants
354 creatures vanquished.

Grand Total: 1966 creatures vanquished

Notes
Turn   | Place    | Note
--------------------------------------------------------------
     0 | D:1      | Conn321, the Octopode Fire Elementalist, began the quest for the Orb.
     0 | D:1      | Reached XP level 1. HP: 11/11 MP: 3/3
   176 | D:1      | Reached XP level 2. HP: 17/17 MP: 0/4
   728 | D:1      | Reached XP level 3. HP: 19/21 MP: 3/6
  1109 | D:2      | Learned a level 3 spell: Conjure Flame
  1550 | D:2      | Reached XP level 4. HP: 23/27 MP: 4/8
  2001 | D:2      | Reached skill level 4 in Fire Magic
  2176 | D:2      | Found a shimmering altar of Xom.
  2273 | D:3      | Reached XP level 5. HP: 28/31 MP: 2/9
  2430 | D:3      | Found a basalt altar of Yredelemnul.
  3359 | D:4      | Found a glowing drain.
  3389 | D:4      | Reached XP level 6. HP: 34/36 MP: 4/13
  3491 | Sewer    | Entered a sewer
  3641 | Sewer    | Noticed Purgy
  3645 | Sewer    | Killed Purgy
  3804 | D:4      | Noticed a moth of wrath
  3807 | D:4      | Found a bloodstained altar of Trog.
  3873 | D:4      | Killed a moth of wrath
  3873 | D:4      | Reached skill level 5 in Fire Magic
  3873 | D:4      | Reached XP level 7. HP: 41/41 MP: 7/17
  4400 | D:4      | Found a shadowy altar of Dithmenos.
  4547 | D:4      | Reached XP level 8. HP: 46/46 MP: 14/18
  4751 | D:4      | Learned a level 4 spell: Sticky Flame
  4792 | D:5      | Entered Level 5 of the Dungeon
  4882 | D:5      | Found Doreemen's Antique Armour Shop.
  4895 | D:5      | Bought a shiny buckler for 135 gold pieces
  4941 | D:5      | Found a snail-covered altar of Cheibriados.
  5022 | D:5      | Found a staircase to the Ecumenical Temple.
  5044 | D:5      | Found a white marble altar of Elyvilon.
  5044 | D:5      | Found a shattered altar of Ashenzari.
  5085 | Temple   | Entered the Ecumenical Temple
  5122 | Temple   | Became a worshipper of Vehumet
  5173 | D:5      | Found a sand-covered staircase.
  5177 | Ossuary  | Entered an ossuary
  5576 | Ossuary  | Noticed Menkaure
  5584 | Ossuary  | Killed Menkaure
  5924 | D:5      | Found an opulent altar of Gozag.
  6229 | D:6      | Learned a level 3 spell: Inner Flame
  6242 | D:6      | Noticed Pikel
  6254 | D:6      | Killed Pikel
  6254 | D:6      | Reached skill level 1 in Fighting
  6254 | D:6      | Reached skill level 5 in Stealth
  6254 | D:6      | Reached skill level 5 in Spellcasting
  6254 | D:6      | Reached skill level 5 in Conjurations
  6254 | D:6      | Reached skill level 6 in Fire Magic
  6254 | D:6      | Reached XP level 9. HP: 41/53 MP: 1/21
  6363 | D:6      | Acquired Vehumet's first power
  6363 | D:6      | Offered knowledge of Freeze by Vehumet.
  6464 | D:6      | Noticed Blork the orc
  6481 | D:6      | Killed Blork the orc
  6644 | D:6      | Reached skill level 1 in Hexes
  7030 | D:6      | Reached skill level 7 in Fire Magic
  7584 | D:7      | Noticed Ijyb
  7594 | D:7      | Killed Ijyb
  7635 | D:7      | Reached skill level 1 in Shields
  7892 | D:7      | You fall through a shaft!
  7996 | D:8      | Offered knowledge of Throw Frost by Vehumet.
  8012 | D:8      | Learned a level 2 spell: Throw Frost
  8018 | D:8      | Learned a level 5 spell: Fireball
  8119 | D:8      | Found a burning altar of Makhleb.
  8130 | D:8      | Found a glowing silver altar of Zin.
  8130 | D:8      | Noticed an angel
  8131 | D:8      | Noticed a green death
  8187 | D:8      | Found a shimmering altar of Xom.
  8219 | D:8      | Noticed Psyche
  8230 | D:8      | Killed Psyche
  8230 | D:8      | Reached XP level 10. HP: 30/60 MP: 3/24
  8260 | D:8      | Noticed a komodo dragon
  8263 | D:8      | Found a staircase to the Lair.
  8584 | D:8      | Noticed Maurice
  8591 | D:8      | Killed Maurice
  8591 | D:8      | Reached skill level 8 in Fire Magic
  8777 | D:8      | Killed a komodo dragon
  8777 | D:8      | Reached skill level 5 in Dodging
  9296 | D:8      | Offered knowledge of Dazzling Spray by Vehumet.
  9305 | D:8      | Learned a level 3 spell: Dazzling Spray
  9379 | Lair:1   | Entered Level 1 of the Lair of Beasts
  9416 | Lair:1   | You fall through a shaft!
  9418 | Lair:2   | Noticed Gastronok
  9635 | Lair:2   | Killed Gastronok
  9866 | Lair:2   | Noticed an elephant
  9871 | Lair:2   | Noticed an elephant
  9872 | Lair:2   | Noticed an elephant
  9872 | Lair:2   | Noticed an elephant
  9872 | Lair:2   | Noticed an elephant
  9884 | Lair:2   | Killed an elephant
  9887 | Lair:2   | Killed an elephant
  9887 | Lair:2   | Reached skill level 9 in Fire Magic
  9887 | Lair:2   | Reached skill level 1 in Evocations
  9887 | Lair:2   | Reached XP level 11. HP: 44/65 MP: 8/27
  9891 | Lair:2   | Killed an elephant
  9897 | Lair:2   | Killed an elephant
  9897 | Lair:2   | Acquired Vehumet's second power
 10489 | Lair:2   | Killed an elephant
 11056 | Lair:2   | Offered knowledge of Mephitic Cloud by Vehumet.
 11062 | Lair:2   | Learned a level 3 spell: Mephitic Cloud
 11065 | Lair:2   | Learned a level 1 spell: Animate Skeleton
 11136 | Lair:2   | Noticed Fannar
 11266 | Lair:2   | Killed Fannar
 11520 | Lair:2   | Noticed a black mamba
 11523 | Lair:2   | Killed a black mamba
 11523 | Lair:2   | Reached skill level 1 in Necromancy
 11527 | Lair:2   | Noticed a five-headed hydra
 11602 | Lair:2   | Acquired Vehumet's third power
 11709 | Lair:2   | Your ally Fannar died
 11711 | Lair:2   | Killed a five-headed hydra
 11734 | Lair:2   | Offered knowledge of Force Lance by Vehumet.
 12303 | Lair:3   | Noticed a five-headed hydra
 12324 | Lair:2   | Killed a five-headed hydra
 12324 | Lair:2   | Reached skill level 1 in Air Magic
 12500 | Lair:3   | Found an ancient bone altar of Kikubaaqudgha.
 12528 | Lair:3   | Reached skill level 10 in Spellcasting
 12528 | Lair:3   | Reached XP level 12. HP: 65/72 MP: 25/30
 12538 | Lair:3   | Noticed an eight-headed hydra
 12558 | Lair:3   | Killed an eight-headed hydra
 12618 | Lair:3   | Learned a level 4 spell: Force Lance
 12756 | Lair:3   | Reached skill level 10 in Fire Magic
 13293 | Lair:3   | Offered knowledge of Throw Icicle by Vehumet.
 14253 | Lair:4   | Found a staircase to the Snake Pit.
 14908 | Lair:4   | Reached skill level 11 in Spellcasting
 15439 | Lair:5   | Found a dark tunnel.
 15448 | Volcano  | Entered a volcano
 15488 | Volcano  | Reached skill level 10 in Conjurations
 15494 | Volcano  | Learned a level 4 spell: Throw Icicle
 16206 | Lair:5   | Reached skill level 1 in Poison Magic
 16206 | Lair:5   | Reached XP level 13. HP: 25/77 MP: 19/32
 16832 | Lair:6   | Offered knowledge of Venom Bolt by Vehumet.
 17068 | Lair:6   | Found a staircase to the Shoals.
 18606 | Lair:7   | Reached skill level 12 in Spellcasting
 18652 | Lair:7   | Noticed Snorg
 18667 | Lair:7   | Killed Snorg
 18866 | Lair:7   | Your ally Snorg died
 19436 | Lair:7   | Offered knowledge of Lee's Rapid Deconstruction by Vehumet.
 19858 | Lair:8   | Entered Level 8 of the Lair of Beasts
 20166 | Lair:8   | Identified Poamota Baun's Collected Works on Unholy Conjuration (You found it on level 8 of the Lair of Beasts)
 20207 | Lair:8   | Reached XP level 14. HP: 61/83 MP: 34/34
 20758 | Lair:8   | Found a staircase to the Slime Pits.
 21255 | Lair:8   | Learned a level 4 spell: Animate Dead
 21575 | Lair:8   | Noticed an azure jelly
 21584 | Lair:8   | Killed an azure jelly
 21869 | Lair:8   | Reached skill level 13 in Spellcasting
 22085 | Lair:1   | Found a deep blue altar of Sif Muna.
 22103 | Lair:1   | Noticed a black mamba
 22108 | Lair:1   | Killed a black mamba
 22139 | Lair:1   | Got a faintly glowing garnet amulet
 22141 | Lair:1   | Identified the amulet of the Harvest {Slay+5 Regen} (You found it on level 1 of the Lair of Beasts)
 22319 | Lair:1   | Offered knowledge of Poison Arrow by Vehumet.
 22330 | Lair:1   | Noticed Armakuni's ghost (experienced DsMo)
 22347 | Lair:1   | Killed Armakuni's ghost
 22625 | D:9      | Noticed Erolcha
 22643 | D:9      | Killed Erolcha
 22706 | D:9      | Noticed Grum
 22726 | D:9      | Killed Grum
 22793 | D:9      | Noticed Edmund
 22795 | D:9      | Killed Edmund
 23072 | D:9      | Found a sparkling altar of Nemelex Xobeh.
 23081 | D:9      | Found Oruenwar's Assorted Antiques.
 23131 | D:9      | Your ally Grum died
 23248 | D:9      | Bought a moonstone ring for 150 gold pieces
 23248 | D:9      | Bought a dog-eared papyrus book for 450 gold pieces
 23886 | D:10     | Entered Level 10 of the Dungeon
 24348 | D:10     | Found a staircase to the Orcish Mines.
 24699 | D:10     | Offered knowledge of Ozocubu's Refrigeration by Vehumet.
 24890 | Orc:1    | Entered Level 1 of the Orcish Mines
 24947 | Orc:1    | Found a frozen archway.
 25015 | IceCv    | Entered an ice cave
 25282 | IceCv    | Reached skill level 5 in Necromancy
 25540 | IceCv    | Reached XP level 15. HP: 89/89 MP: 35/35
 25720 | IceCv    | Noticed a frost giant
 25841 | IceCv    | Learned a level 6 spell: Poisonous Cloud
 25970 | IceCv    | Killed a frost giant
 26480 | Orc:1    | Offered knowledge of Bolt of Fire by Vehumet.
 26487 | Orc:1    | Found a glowing golden altar of the Shining One.
 27432 | Orc:1    | Found Zimuityu's Magic Scroll Shop.
 27442 | Orc:1    | Bought a scroll of teleportation for 39 gold pieces
 27442 | Orc:1    | Bought a scroll of teleportation for 39 gold pieces
 27698 | Orc:3    | Found a roughly hewn altar of Beogh.
 27750 | Orc:3    | Found Ipigiuf's Book Shoppe.
 27884 | Orc:3    | Bought a book of Clouds for 675 gold pieces
 28092 | Orc:3    | Offered knowledge of Delayed Fireball by Vehumet.
 28669 | Orc:4    | Entered Level 4 of the Orcish Mines
 28965 | Orc:4    | Offered knowledge of Fire Storm by Vehumet.
 28965 | Orc:4    | Offered knowledge of Shatter by Vehumet.
 28965 | Orc:4    | Offered knowledge of Chain Lightning by Vehumet.
 29033 | Orc:4    | Found Bleux's Antique Armour Shoppe.
 29034 | Orc:4    | Found Veoxau's Distillery.
 29050 | Orc:4    | Found Piez's Antique Armour Shop.
 29056 | Orc:4    | Found Shimaeth's Food Emporium.
 29070 | Orc:4    | Reached skill level 14 in Spellcasting
 29118 | Orc:4    | Found a staircase to the Elven Halls.
 29121 | Orc:4    | Bought a runed hat for 124 gold pieces
 29158 | Orc:4    | Bought a potion of curing for 48 gold pieces
 29162 | Orc:4    | Bought a potion of resistance for 160 gold pieces
 29776 | Elf:1    | Entered Level 1 of the Elven Halls
 30435 | Elf:1    | Found Hailar's Gadget Emporium.
 30626 | Elf:2    | Found Tiyhom's Distillery.
 30743 | Elf:2    | Found a burning altar of Makhleb.
 30925 | Elf:2    | Bought a potion of heal wounds for 55 gold pieces
 30925 | Elf:2    | Bought a potion of heal wounds for 55 gold pieces
 30925 | Elf:2    | Bought a potion of resistance for 110 gold pieces
 31056 | Elf:2    | Reached XP level 16. HP: 59/95 MP: 37/37
 31502 | Elf:2    | Found a huge runed gate.
 31502 | Elf:2    | Found a huge runed gate.
 31502 | Elf:2    | Found a huge runed gate.
 31503 | Elf:2    | Found a huge runed gate.
 31505 | Elf:2    | Found a huge runed gate.
 31536 | Elf:2    | Reached skill level 1 in Translocations
 32772 | Elf:2    | Learned a level 1 spell: Pain
 32803 | Elf:2    | Reached skill level 15 in Spellcasting
 33335 | Elf:3    | Entered Level 3 of the Elven Halls
 33443 | Elf:3    | Noticed Mara
 33593 | Elf:3    | Upgraded the game from 0.16-a0-3325-g64f94fb to 0.16-a0-3330-g2931290
 33674 | Elf:3    | Noticed Conn321's illusion
 34135 | Elf:3    | Found Jyrets' Antique Weapon Shop.
 34169 | Elf:3    | Bought a scorched flail for 314 gold pieces
 34170 | Elf:3    | Identified the +8 flail of Kien Ehe {speed, rF- Str-2 Dex+2 SInv} (You bought it in a shop on level 3 of the Elven Halls)
 34388 | Elf:3    | Found a portal to a secret trove of treasure.
 34584 | Elf:3    | Reached skill level 1 in Ice Magic
 34614 | Elf:3    | Noticed Conn321's illusion
 34615 | Elf:3    | Killed a deep elf blademaster
 35209 | Shoals:1 | Entered Level 1 of the Shoals
 36389 | Shoals:2 | Noticed Kirke
 36401 | Shoals:2 | Killed Kirke
 36401 | Shoals:2 | Reached XP level 17. HP: 99/99 MP: 11/38
 36595 | Shoals:1 | Learned a level 6 spell: Freezing Cloud
 36743 | Shoals:2 | Your ally Kirke died
 36749 | Shoals:2 | Noticed Polyphemus
 36781 | Shoals:2 | Killed Polyphemus
 37133 | Shoals:2 | Noticed Jorgrun
 37136 | Shoals:2 | Killed Jorgrun
 37407 | Shoals:3 | Reached skill level 16 in Spellcasting
 38466 | Shoals:3 | Got an iridescent spear
 38478 | Shoals:3 | Identified the +10 spear "Vymaloi" {flame, -Cast +Blink MR+ Stlth++} (You found it on level 3 of the Shoals)
 38812 | Shoals:4 | Got a twisted battleaxe
 38813 | Shoals:4 | Identified the +5 battleaxe "Schuuroel" {flame, Noisy rF+} (You found it on level 4 of the Shoals)
 39581 | Shoals:4 | Reached skill level 5 in Shields
 39953 | Shoals:5 | Entered Level 5 of the Shoals
 40458 | Shoals:5 | Got an ebony broad axe
 40459 | Shoals:5 | Identified the +5 broad axe of Victory {flame, rPois rF+} (You found it on level 5 of the Shoals)
 40710 | Shoals:5 | Reached XP level 18. HP: 101/106 MP: 40/40
 40992 | Shoals:5 | Got a barnacled rune of Zot
 41177 | Shoals:5 | Noticed Ilsuiw
 41663 | Shoals:5 | Killed Ilsuiw
 42560 | Elf:2    | Learned a level 5 spell: Silence
 42638 | Elf:3    | Reached skill level 17 in Spellcasting
 42708 | Elf:3    | Noticed Conn321's illusion
 42806 | Elf:3    | Killed Mara
 42829 | Elf:3    | Got a brightly glowing pewter ring
 42831 | Elf:3    | Identified the ring of Klofuad {+Fly rPois} (You took it off a deep elf knight on level 3 of the Elven Halls)
 42841 | Elf:3    | Got an uncursed shimmering mace
 42844 | Elf:3    | Identified the +10 mace of Inconvenience {freeze, *Rage +Rage rF+ rN+ SInv} (You took it off a deep elf knight on level 3 of the Elven Halls)
 43087 | Elf:3    | Reached skill level 15 in Conjurations
 43220 | Elf:3    | Noticed a deep elf master archer
 43234 | Elf:3    | Killed a deep elf master archer
 43548 | Elf:3    | Noticed a Hell Sentinel
 43608 | Elf:3    | Noticed a deep elf blademaster
 43619 | Elf:3    | Killed a deep elf blademaster
 44133 | Elf:3    | Got a brightly glowing marble ring
 44134 | Elf:3    | Identified the ring of Zirubud {MP+9 Dex+1 Slay+5} (You took it off a deep elf annihilator on level 3 of the Elven Halls)
 44322 | Elf:3    | Noticed an Ice Fiend
 44373 | Elf:3    | Noticed a deep elf master archer
 44375 | Elf:3    | Killed a deep elf master archer
 44375 | Elf:3    | Reached skill level 5 in Air Magic
 44459 | Elf:3    | Got a jewelled dagger
 44461 | Elf:3    | Identified the +7 dagger of the World {freeze, +Rage rN+ Stlth+} (You took it off a deep elf demonologist on level 3 of the Elven Halls)
 44624 | Elf:3    | Identified the Compendium of Shifting Snow (You found it on level 3 of the Elven Halls)
 45539 | Lair:8   | Reached XP level 19. HP: 110/110 MP: 41/41
 45577 | Slime:1  | Entered Level 1 of the Pits of Slime
 45590 | Slime:1  | Gained mutation: You are dopey. (Int -2) [a shining eye]
 46253 | Slime:1  | Gained mutation: Your body is misshapen. [a shining eye]
 46256 | Slime:1  | Gained mutation: Your spells are a little easier to cast, but a little less powerful. [a shining eye]
 46456 | Lair:8   | Reached skill level 10 in Dodging
 46695 | Slime:1  | Gained mutation: Your spells are easier to cast, but less powerful. [a shining eye]
 51019 | Slime:5  | Reached skill level 5 in Ice Magic
 51638 | Slime:5  | Reached skill level 18 in Spellcasting
 51901 | Slime:6  | Entered Level 6 of the Pits of Slime
 52771 | Slime:6  | Found a viscous altar of Jiyva.
 52773 | Slime:6  | Noticed the royal jelly
 52862 | Slime:6  | HP: 4/107 [azure jelly (7)]
 52862 | Slime:6  | Slain by an azure jelly

Action                   |  1- 3 |  4- 6 |  7- 9 | 10-12 | 13-15 | 16-18 | 19-21 || total
-------------------------+-------+-------+-------+-------+-------+-------+-------++-------
Melee: Dagger            |     7 |     2 |     1 |       |       |       |       ||    10
       War axe           |       |       |     6 |       |       |       |       ||     6
       Mace              |       |       |    12 |    20 |    15 |     4 |       ||    51
       Staff             |       |       |       |       |    39 |    24 |    14 ||    77
Throw: Javelin           |       |       |       |       |     1 |       |       ||     1
 Cast: Flame Tongue      |    59 |    99 |   266 |   491 |   898 |   130 |    39 ||  1982
       Conjure Flame     |       |     2 |    10 |    11 |    39 |     1 |       ||    63
       Inner Flame       |       |       |     4 |     6 |     6 |       |       ||    16
       Sticky Flame      |       |       |     7 |    50 |   146 |    41 |    14 ||   258
       Fireball          |       |       |     1 |    20 |   112 |   335 |    57 ||   525
       Throw Frost       |       |       |     1 |     2 |     1 |       |       ||     4
       Dazzling Spray    |       |       |       |    29 |     8 |       |       ||    37
       Animate Skeleton  |       |       |       |    72 |    96 |     1 |       ||   169
       Mephitic Cloud    |       |       |       |    24 |    78 |     6 |       ||   108
       Force Lance       |       |       |       |     2 |     6 |   104 |    52 ||   164
       Throw Icicle      |       |       |       |       |     7 |    55 |   119 ||   181
       Animate Dead      |       |       |       |       |    91 |    87 |     1 ||   179
       Poisonous Cloud   |       |       |       |       |    18 |    14 |       ||    32
       Freezing Cloud    |       |       |       |       |       |    49 |    86 ||   135
       Silence           |       |       |       |       |       |     3 |       ||     3
       Pain              |       |       |       |       |       |       |     6 ||     6
 Abil: Evoke Flight      |       |       |       |       |       |       |     7 ||     7
Evoke: Wand              |       |     1 |       |     1 |     1 |     6 |     1 ||    10
       Sack of spiders   |       |       |       |       |       |     1 |     1 ||     2
       Stone of tremors  |       |       |       |       |       |     1 |       ||     1
       Fan of gales      |       |       |       |       |       |     1 |       ||     1
  Use: Scroll            |       |     5 |    13 |     6 |    11 |    27 |     6 ||    68
       Potion            |       |     3 |    10 |     5 |     9 |    18 |     4 ||    49
 Stab: Sleeping          |     1 |       |     1 |       |     1 |       |       ||     3
       Confused          |       |       |       |     1 |       |       |       ||     1
       Invisible         |       |       |       |     1 |       |       |       ||     1
       Distracted        |       |       |       |       |     1 |       |       ||     1
  Eat: Chunk             |     2 |     7 |     9 |    24 |    50 |    27 |     2 ||   121
       Fruit             |       |       |     2 |     2 |     1 |     2 |    15 ||    22
       Meat ration       |       |       |     1 |     1 |     2 |     7 |     3 ||    14
       Beef jerky        |       |       |       |     1 |     1 |     1 |       ||     3
       Pizza             |       |       |       |       |     1 |     2 |       ||     3
       Royal jelly       |       |       |       |       |       |     2 |       ||     2
       Bread ration      |       |       |       |       |       |       |     1 ||     1
